 Dungeon Crawl Stone Soup version 0.30-a0-1160-g6e42c06551 (webtiles) character file.

Game seed: 3713698885871152142

163 ryw the Cudgeller (level 5, -5/41 HPs)
             Began as a Mummy Fighter on Apr 26, 2023.
             Killed by divine providence
             ... invoked by an orc priest
              (9 damage)
             ... on level 4 of the Dungeon.
             The game lasted 00:05:27 (2952 turns).

ryw the Cudgeller (Mummy Fighter)                   Turns: 2952, Time: 00:05:27

Health: -5/41      AC:  5    Str: 22    XL:     5   Next: 20%
Magic:  0/5        EV: 10    Int:  7    God:
Gold:   119        SH:  4    Dex: 11    Spells: 4/4 levels left

rFire   . . .        e - +0 morningstar (venom)
rCold   + . .        c - +0 buckler
rNeg    + + +        b - +2 leather armour {rF+}
rPois   ∞            (no helmet)
rElec   .            (no cloak)
rCorr   .            (no gloves)
SInv    .            (no boots)
Will    .....        k - amulet of guardian spirit
Stlth   +            (no ring)
HPRegen 0.26/turn    (no ring)
MPRegen 0.09/turn

%: guardian spirit, faith
@: about to teleport
A: cold resistance 1, negative energy resistance 3, torment resistance 2, heat
vulnerability 1, in touch with death 1, no potions, faith
a: no special abilities


You were on level 4 of the Dungeon.
You visited 1 branch of the dungeon, and saw 4 of its levels.

You collected 247 gold pieces.
You spent 128 gold pieces at shops.

Inventory:

Hand Weapons
 e - a +0 morningstar of venom (weapon)
Missiles
 d - 2 curare-tipped darts
 j - 4 boomerangs (quivered)
Armour
 b - a +2 leather armour of fire resistance (worn)
 c - a +0 buckler (worn)
 n - a +1 plate armour
Jewellery
 f - an amulet of magic regeneration
 g - an amulet of the acrobat
 k - an amulet of guardian spirit (around neck)
Wands
 m - a wand of paralysis (10)
Scrolls
 a - a scroll of noise {unknown}
 h - 4 scrolls of identify
 l - 2 scrolls of fog


   Skills:
 - Level 3.0 Fighting
 * Level 4.5 Maces & Flails
 - Level 2.4 Armour
 - Level 2.4 Shields


You had 4 spell levels left.
You didn't know any spells.
Your spell library contained the following spells:

 Spells                   Type           Power      Damage    Failure   Level
 Blink                    Tloc           0%         N/A       69%         2
 Cigotuvi's Dreadful Rot  Necr/Pois/Air  0%         N/A       69%         2
 Lesser Beckoning         Tloc           0%         N/A       69%         2
 Momentum Strike          Conj/Tloc      0%         3d8       69%         2
 Dispel Undead            Necr           0%         3d6       100%        4
 Death Channel            Necr           0%         N/A       100%        6


Dungeon Overview and Level Annotations

Branches:
Dungeon (4/15)
 Temple: D:4-7

Altars:
Cheibriados

Shops:
D:2 (


Innate Abilities, Weirdness & Mutations

You are immune to poison.
Your flesh is cold resistant. (rC+)
You are immune to negative energy. (rN+++)
You are immune to unholy pain and torment.
You are vulnerable to heat. (rF-)
You are in touch with the powers of death.
You do not drink.
You have a special connection with the divine. (Faith)


Message History

You closely miss the orc wizard. The orc priest hits you with a +0 whip.
The orc wizard hits you but does no damage.
The orc wizard hits you with a +0 dagger.
The orc priest hits you but does no damage.
You barely miss the orc wizard. The orc priest hits you with a +0 whip.
Something hits you but does no damage. The orc priest hits you with a +0 mace.
The orc wizard points at you and mumbles some strange words.
The magic dart hits you!
* * * LOW HITPOINT WARNING * * *
You barely miss the orc wizard. The orc priest hits you with a +0 whip.
* * * LOW HITPOINT WARNING * * *
You block the orc priest's attack.
The orc wizard hits you but does no damage.
Something hits you.
* * * LOW HITPOINT WARNING * * *
You hit the orc priest.
The orc priest is lightly wounded.
The orc priest hits you but does no damage.
The orc priest hits you with a +0 whip.
* * * LOW HITPOINT WARNING * * *
The orc wizard mumbles some strange words.
The orc wizard flickers and vanishes!
Something hits you but does no damage.
The orc priest begins to cast a cantrip, but forgets the words!
You hear some strange, mumbled words.
A puff of flame appears from out of thin air!
The puff of flame hits you but does no damage.
Something hits you but does no damage. The orc priest hits you with a +0 whip.
* * * LOW HITPOINT WARNING * * *
As you read the scroll of teleportation, it crumbles to dust.
You feel strangely unstable. The orc priest hits you with a +0 whip.
* * * LOW HITPOINT WARNING * * *
Something hits you.
The orc priest hits you but does no damage.
Something hits you but does no damage. Something hits you but does no damage.
The orc priest attacks as you move away!
You block the orc priest's attack.
The orc priest mumbles some strange prayers to Beogh against you.
Beogh smites you!
You die...

..#
#................#.........##
..#
##.............####~..♣..~##
..## #.............#
#~~...~~#
...###............##
###...### ....#............##
#####)#### ......##..(.....##
##........###
...#..#####.....#
##............# .###..#
###...###.............. ##
##.### ##..@#o..............
# ##...##
##...{.............# ##.....#
##.{o.............#
###......##
##...............#
#.........# ##..............#
..........# ##.............#
..........## #.............#
...........# ##.........
...........# ####.....##..


You could see an orc priest.

Vanquished Creatures
  An iguana (D:3)
  6 adders
  2 worms
  2 dart slugs
  An orc (D:4)
  9 endoplasms
  3 giant cockroaches
  6 goblins
  5 hobgoblins
  2 jackals (D:3)
  6 kobolds
  5 quokkas
  6 ball pythons
  6 bats
  4 frilled lizards
  6 rats
70 creatures vanquished.

Vanquished Creatures (others)
  A plant (D:2)
1 creature vanquished.

Grand Total: 71 creatures vanquished

Notes
Turn   | Place    | Note
-------+----------+-------------------------------------------
     0 | D:1      | ryw the Mummy Fighter began the quest for the Orb.
     0 | D:1      | Reached XP level 1. HP: 18/18 MP: 1/1
    61 | D:1      | Reached skill level 2 in Maces & Flails
    96 | D:1      | Reached XP level 2. HP: 24/24 MP: 2/2
   280 | D:1      | Found a faded altar of an unknown god.
   420 | D:1      | Gained mutation: You are in touch with the powers of death.
                  | [Mummy growth]
   420 | D:1      | Reached XP level 3. HP: 26/29 MP: 3/3
   847 | D:2      | Reached skill level 3 in Maces & Flails
   855 | D:2      | Found Lebe's Weapon Boutique.
  1606 | D:3      | Reached XP level 4. HP: 33/35 MP: 2/4
  1793 | D:2      | Bought a +0 heavy morningstar for 128 gold pieces
  2374 | D:4      | Reached skill level 4 in Maces & Flails
  2617 | D:3      | Reached XP level 5. HP: 14/41 MP: 1/5
  2821 | D:4      | Found a snail-covered altar of Cheibriados.
  2952 | D:4      | Killed from afar by an orc priest

Illustrated notes

Levels and vault maps discovered:
D:1:      dpeg_arrival_concentric_ovals, layout_basic,
          dreamdust_ecumenical_altar_angels_and_demons
D:2:      layout_rooms, serial_shops, nicolae_shop_bloodbath_and_beyond,
          serial_bayou_lake_a
D:3:      layout_loops_ring
D:4:      layout_cave_pods, elyvilon_altar_4, kennysheep_slug_shrine,
          columned_hall_lemuel

Skill      XL: |  1  2  3  4 |
---------------+-------------+-----
Maces & Flails | 2 3 4 |  4.5
Fighting       | |  3.0
Armour         | |  2.4
Shields        | |  2.4

Action                     |  1- 3 |  4- 6 || total
---------------------------+-------+-------++-------
  Melee: Flail             |   191 |    14 ||   205
         Morningstar       |       |    67 ||    67
    Use: Scroll            |     7 |     2 ||     9
 Armour: Scale mail        |    60 |       ||    60
         Plate armour      |    34 |       ||    34
         Leather armour    |    10 |    49 ||    59
  Dodge: Dodged            |    91 |    37 ||   128
  Block: Buckler           |    29 |    26 ||    55

Table legend: (Time is in decaauts)
 A = Elapsed time spent in this place.
 B = Non-inter-level travel time spent in this place.
 C = Inter-level travel time spent in this place.
 D = Time resting spent in this place.
 E = Time spent auto-exploring this place.
 F = Levels seen in this place.
 G = Mean time per level.
                   A        B        C        D        E       F      G
               +--------+--------+--------+--------+--------+-----+--------+
         Total |   3063 |   2830 |    233 |    190 |   1902 |   4 |  765.8 |
       Dungeon |   3063 |   2830 |    233 |    190 |   1902 |   4 |  765.8 |
               +--------+--------+--------+--------+--------+-----+--------+

Top non-repeatable levels by time:
     D:3: 1062 daAuts
     D:1: 854 daAuts
     D:2: 589 daAuts
     D:4: 556 daAuts
